 Dungeon Crawl Stone Soup version 0.26.1-11-gd32895ea62 (webtiles) character file.

Game seed: 11846375901427327018

114 Zeld the Cudgeller (level 4, -5/38 HPs)
             Began as a Draconian Gladiator on June 9, 2021.
             Slain by a gnoll
             ... wielding a +0 halberd
              (12 damage)
             ... on level 3 of the Dungeon.
             The game lasted 00:06:17 (3289 turns).

Zeld the Cudgeller (Draconian Gladiator)            Turns: 3289, Time: 00:06:17

Health: -5/38      AC:  5    Str: 17    XL:     4   Next: 67%
Magic:  4/4        EV: 13    Int:  9    God:
Gold:   66         SH:  0    Dex: 12    Spells: 3/3 levels left

rFire    . . .     SeeInvis .   a - +0 flail
rCold    . . .     Faith    .   (no shield)
rNeg     . . .     Spirit   .   (armour unavailable)
rPois    .         Reflect  .   b - +0 hat
rElec    .         Harm     .   (no cloak)
rCorr    .         Rampage  .   (no gloves)
Will     .....                  (no boots)
Stlth    +.........             (no amulet)
HPRegen  0.12/turn              (no ring)
MPRegen  0.09/turn              (no ring)

@: no status effects
A: unfitting armour, cold-blooded, AC +5
a: no special abilities


You were on level 3 of the Dungeon.
You visited 1 branch of the dungeon, and saw 3 of its levels.

You collected 66 gold pieces.

Inventory:

Hand Weapons
 a - a +0 flail (weapon)
Missiles
 c - 3 throwing nets (quivered)
Armour
 b - a +0 hat (worn)
Scrolls
 d - 2 scrolls of remove curse {unknown}
 e - a scroll of teleportation {unknown}
 k - a scroll of random uselessness {unknown}
 l - a scroll of identify {unknown}
Potions
 f - a potion of flight {unknown}
 g - a potion of heal wounds {unknown}
 h - 2 potions of mutation {unknown}
 i - a potion of resistance {unknown}
 j - a potion of ambrosia {unknown}
 m - a potion of might {unknown}


   Skills:
 + Level 3.0 Fighting
 * Level 3.9 Maces & Flails
 * Level 3.0 Throwing
 + Level 3.1 Dodging


You had 3 spell levels left.
You didn't know any spells.
Your spell library was empty.

Dungeon Overview and Level Annotations

Branches:
Dungeon (3/15)

Altars:
Xom


Innate Abilities, Weirdness & Mutations

Your plain brown scales are hard. (AC +5)
You cannot fit into any form of body armour.
You are cold-blooded and may be slowed by cold attacks.


Message History

Things that are here:
a +0 mace; a +0 animal skin; a +0 helmet Done exploring.
Done exploring.
Search for what [Enter for "armor", or ? for help]?
Press: ? - help, v - describe, . - travel, g - get item
Items here: a +0 mace; a +0 animal skin; a +0 helmet.
The floor, spattered with blood.
There is a stone staircase leading down here.
You climb downwards. 3 gnolls come into view.
The gnoll shouts! x3
There is a stone staircase leading up here.
You barely miss the gnoll. The gnoll hits you with a +0 halberd!
You closely miss the gnoll.
The gnoll hits you from afar with a +0 halberd!
The gnoll hits you with a +0 halberd!
* * * LOW HITPOINT WARNING * * *
The gnoll hits you from afar with a +0 halberd!
You die...

.....
....#
.... ...
..## ..#
#g####
#@.gg#
####...#
... #


You could see 3 gnolls.

Vanquished Creatures
  Robin (D:2)
  4 adders (D:2)
  2 worms (D:2)
  2 dart slugs
  A leopard gecko (D:1)
  2 ball pythons
  3 giant cockroaches (D:2)
  13 goblins
  5 hobgoblins
  5 jackals
  5 bats
  3 frilled lizards (D:2)
  3 kobolds (D:1)
  8 rats
57 creatures vanquished.

Vanquished Creatures (others)
  A plant (D:1)
1 creature vanquished.

Grand Total: 58 creatures vanquished

Notes
Turn   | Place    | Note
-------+----------+-------------------------------------------
     0 | D:1      | Zeld the Draconian Gladiator began the quest for the Orb.
     0 | D:1      | Reached XP level 1. HP: 17/17 MP: 1/1
   929 | D:1      | Reached XP level 2. HP: 25/25 MP: 2/2
  1546 | D:2      | Reached XP level 3. HP: 18/30 MP: 3/3
  2571 | D:2      | Reached XP level 4. HP: 37/37 MP: 4/4
  2713 | D:2      | Noticed Robin
  2730 | D:2      | Killed Robin
  3008 | D:2      | Found a shimmering altar of Xom.
  3289 | D:3      | Slain by a gnoll

Illustrated notes

Levels and vault maps discovered:
D:1:      giann_bridges, layout_loops_corners,
          amcnicky_mini_rare_corridor_liquid, minivault_11
D:2:      layout_loops_cross, marbit_many_paths, chequers_garden, uniq_robin
D:3:      layout_rooms, lemuel_crystal_altar

Skill      XL: |  1  2  3  4 |
---------------+-------------+-----
Throwing       | 2 3 |  3.0
Dodging        | 3 |  3.1
Fighting       | 3 |  3.0
Maces & Flails | |  3.9

Action                   |  1- 3 |  4- 6 || total
-------------------------+-------+-------++-------
Melee: Flail             |   140 |    63 ||   203
       Tailslap          |    10 |     7 ||    17
Throw: Stone             |     3 |       ||     3
 Stab: Sleeping          |     2 |     2 ||     4
Armor: Skin              |    33 |    16 ||    49
Dodge: Dodged            |   108 |    50 ||   158
